 Dungeon Crawl Stone Soup version 0.26-a0-658-gbdda728c12 (webtiles) character file.

Game seed: 52272785411398856

72 Zingih the Grave Robber (level 4, 0/32 HPs)
             Began as a Gnoll Wanderer on Oct 5, 2020.
             Slain by Sigmund
             ... wielding a +5 scythe of venom
              (13 damage)
             ... on level 2 of the Dungeon.
             The game lasted 00:03:25 (1624 turns).

Zingih the Grave Robber (Gnoll Wanderer)            Turns: 1624, Time: 00:03:25

Health: 0/32       AC:  6    Str: 14    XL:     4   Next: 26%
Magic:  11/11      EV: 10    Int: 15    God:
Gold:   81         SH:  5    Dex: 15    Spells: 11/13 levels left

rFire    x . .     SeeInvis .   r - +0 spear
rCold    + . .     Faith    .   (no shield)
rNeg     . . .     Spirit   .   n - +0 ring mail (curse)
rPois    .         Reflect  +   v - +0 helmet
rElec    .         Harm     .   (no cloak)
rCorr    .         Rampage  .   (no gloves)
MR       .....                  (no boots)
Stlth    +.........             l - amulet of reflection
HPRegen  0.10/turn              h - ring of ice
MPRegen  0.12/turn              (no ring)

@: lethally poisoned (0 -> -8)
A: distributed training, fangs 1, strong nose
a: no special abilities


You were on level 2 of the Dungeon.
You visited 1 branch of the dungeon, and saw 2 of its levels.

You collected 81 gold pieces.

Inventory:

Hand Weapons
 a - a +0 dagger
 r - a +0 spear (weapon)
Missiles
 m - 2 javelins (quivered)
Armour
 e - a +0 robe
 n - a cursed +0 ring mail (worn)
 v - a +0 helmet (worn)
Jewellery
 h - a ring of ice (left hand)
 l - an amulet of reflection (around neck)
Wands
 o - a wand of polymorph (11)
 p - a wand of flame (16)
Scrolls
 b - 2 scrolls of teleportation {unknown}
 d - 3 scrolls of identify {unknown}
 i - a scroll of enchant weapon {unknown}
 j - 2 scrolls of enchant armour {unknown}
 k - 3 scrolls of remove curse {unknown}
 s - a scroll of amnesia {unknown}
Potions
 f - a potion of curing {unknown}
 g - 2 potions of haste {unknown}
 q - a potion of stabbing {unknown}
 t - a potion of degeneration {unknown}
 u - a potion of invisibility {unknown}


   Skills:
 + Level 1.1 Fighting
 + Level 1.1 Short Blades
 + Level 1.1 Long Blades
 + Level 1.1 Axes
 + Level 1.1 Maces & Flails
 + Level 1.1 Polearms
 + Level 1.1 Staves
 + Level 1.1 Slings
 + Level 1.1 Bows
 + Level 1.1 Crossbows
 + Level 2.7 Throwing
 + Level 1.1 Armour
 + Level 1.1 Dodging
 + Level 1.1 Stealth
 + Level 1.1 Shields
 + Level 1.1 Unarmed Combat
 + Level 5.0 Spellcasting
 + Level 0.8 Conjurations
 + Level 0.8 Hexes
 + Level 2.2 Summonings
 + Level 5.4 Necromancy
 + Level 0.8 Translocations
 + Level 0.8 Transmutations
 + Level 0.8 Fire Magic
 + Level 2.2 Ice Magic
 + Level 0.8 Air Magic
 + Level 0.8 Earth Magic
 + Level 2.2 Poison Magic
 + Level 1.2 Invocations
 + Level 2.7 Evocations


You had 11 spell levels left.
You knew the following spells:

 Your Spells              Type           Power        Failure   Level
a - Pain                  Necr           ###.         3%          1
b - Freeze                Ice            ###.         13%         1

Your spell library contained the following spells:

 Spells                   Type           Power        Failure   Level
 Animate Skeleton         Necr           ###...       3%          1
 Vampiric Draining        Necr           ###.......   11%         3
 Animate Dead             Necr           ###.......   34%         4
 Frozen Ramparts          Ice            ###...       36%         3
 Agony                    Necr           ###.....     67%         5


Dungeon Overview and Level Annotations

Branches:
Dungeon (2/15)

Altars:

Annotations:
D:2 Sigmund


Innate Abilities, Weirdness & Mutations

Your experience applies equally to all skills.
You have very sharp teeth.
Your uncanny sense of smell can sniff out nearby items.


Message History

Press: ? - help, Shift-Dir - straight line You throw a poisoned dart.
Something hits you.
Unknown command.
Throwing (i - inventory)
m - 4 javelins (quivered)
Press: ? - help, Shift-Dir - straight line You throw a javelin.
You feel sick. Something hits you.
You are more poisoned.
Throwing (i - inventory)
m - 3 javelins (quivered)
Press: ? - help, Shift-Dir - straight line, f - you Really target yourself? [Y]es or [N]o only, please.
Really target yourself? [Y]es or [N]o only, please.
Really target yourself?
Okay, then.
You feel sick.
Throwing (i - inventory)
m - 3 javelins (quivered)
Press: ? - help, Shift-Dir - straight line You throw a javelin.
You feel sick. Something hits you!
You die...

... #(###.# #..(<.# ∆
#(# #.# #.# #{# #.#
#@# #.# ######
#.######### #..... ∆
##'##......# #.###.
#..........# #..<#.
#..........#######.
#.##..........##....#.
#+#
#.##..........##.##.#.
..
#.##..........##.##...


There were no monsters in sight!

Vanquished Creatures
  Robin (D:2)
  An adder (D:2)
  A worm (D:2)
  4 leopard geckos
  5 bats
  10 goblins
  9 hobgoblins
  3 kobolds
  A quokka (D:2)
  5 frilled lizards
  5 rats
45 creatures vanquished.

Notes
Turn   | Place    | Note
-------+----------+-------------------------------------------
     0 | D:1      | Zingih the Gnoll Wanderer began the quest for the Orb.
     0 | D:1      | Zingih set off with the following items: a +0 dagger, 11
                  | poisoned darts, a +0 robe; and the following spells
                  | available to memorise: Animate Skeleton, Pain, Vampiric
                  | Draining, Freeze, Animate Dead, Frozen Ramparts, Agony
     0 | D:1      | Reached XP level 1. HP: 13/13 MP: 6/6
     2 | D:1      | Learned a level 1 spell: Pain
     4 | D:1      | Learned a level 1 spell: Freeze
   162 | D:1      | Reached XP level 2. HP: 19/19 MP: 5/7
   868 | D:2      | Reached XP level 3. HP: 17/25 MP: 7/9
  1040 | D:2      | Reached skill level 5 in Spellcasting
  1064 | D:2      | Reached skill level 1 in Invocations
  1349 | D:2      | Noticed Robin
  1354 | D:2      | Reached skill level 1 in Fighting
  1354 | D:2      | Reached skill level 1 in Short Blades
  1354 | D:2      | Reached skill level 1 in Long Blades
  1354 | D:2      | Reached skill level 1 in Axes
  1354 | D:2      | Reached skill level 1 in Maces & Flails
  1354 | D:2      | Reached skill level 1 in Polearms
  1354 | D:2      | Reached skill level 1 in Staves
  1354 | D:2      | Reached skill level 1 in Slings
  1354 | D:2      | Reached skill level 1 in Bows
  1354 | D:2      | Reached skill level 1 in Crossbows
  1354 | D:2      | Reached skill level 1 in Armour
  1354 | D:2      | Reached skill level 1 in Dodging
  1354 | D:2      | Reached skill level 1 in Stealth
  1354 | D:2      | Reached skill level 1 in Shields
  1354 | D:2      | Reached skill level 1 in Unarmed Combat
  1357 | D:2      | Reached XP level 4. HP: 23/32 MP: 11/11
  1364 | D:2      | Killed Robin
  1606 | D:2      | Noticed Sigmund
  1624 | D:2      | Slain by Sigmund

Illustrated notes

Levels and vault maps discovered:
D:1:      dpeg_arrival_tiny_k, layout_basic, minmay_crystal_water
D:2:      layout_basic, uniq_robin, uniq_sigmund

Skill      XL: |  1  2  3 |
---------------+----------+-----
Summonings     | 2 |  2.2
Ice Magic      | 2 |  2.2
Poison Magic   | 2 |  2.2
Spellcasting   | 5 |  5.0
Invocations    | 1 |  1.2
Fighting       | 1 |  1.1
Short Blades   | 1 |  1.1
Long Blades    | 1 |  1.1
Axes           | 1 |  1.1
Maces & Flails | 1 |  1.1
Polearms       | 1 |  1.1
Staves         | 1 |  1.1
Slings         | 1 |  1.1
Bows           | 1 |  1.1
Crossbows      | 1 |  1.1
Armour         | 1 |  1.1
Dodging        | 1 |  1.1
Stealth        | 1 |  1.1
Shields        | 1 |  1.1
Unarmed Combat | 1 |  1.1
Throwing       | |  2.7
Conjurations   | |  0.8
Hexes          | |  0.8
Necromancy     | |  5.4
Translocations | |  0.8
Transmutations | |  0.8
Fire Magic     | |  0.8
Air Magic      | |  0.8
Earth Magic    | |  0.8
Evocations     | |  2.7

Action                   |  1- 3 |  4- 6 || total
-------------------------+-------+-------++-------
Melee: Dagger            |     6 |       ||     6
       Bite              |     3 |       ||     3
       Spear             |    31 |     2 ||    33
Throw: Dart              |    14 |    13 ||    27
       Javelin           |    11 |     2 ||    13
 Cast: Pain              |    30 |     7 ||    37
       Freeze            |       |     1 ||     1
Armor: Robe              |     2 |       ||     2
       Ring mail         |    10 |     4 ||    14
Dodge: Dodged            |    21 |     7 ||    28
Block: Other             |     3 |     2 ||     5

Table legend: (Time is in decaauts)
 A = Elapsed time spent in this place.
 B = Non-inter-level travel time spent in this place.
 C = Inter-level travel time spent in this place.
 D = Time resting spent in this place.
 E = Time spent auto-exploring this place.
 F = Levels seen in this place.
 G = Mean time per level.
                   A        B        C        D        E       F      G
               +--------+--------+--------+--------+--------+-----+--------+
         Total |   1627 |   1627 |      0 |      0 |   1221 |   2 |  813.5 |
       Dungeon |   1627 |   1627 |      0 |      0 |   1221 |   2 |  813.5 |
               +--------+--------+--------+--------+--------+-----+--------+

Top non-repeatable levels by time:
     D:1: 848 daAuts
     D:2: 778 daAuts
